 Dungeon Crawl Stone Soup version 0.17.0-15-g6d90897 (webtiles) character file.

1397 4thArraOfDagon the Chopper (level 8, 0/66 HPs)
             Began as a Vine Stalker Berserker on Nov 10, 2015.
             Was a Believer of Trog.
             Slain by a yak (7 damage)
             ... on level 9 of the Dungeon.
             The game lasted 00:04:17 (863 turns).

4thArraOfDagon the Chopper (Vine Stalker Berserker)  Turns: 863, Time: 00:04:17

Health: 0/66       AC:  7    Str: 28    XL:     8   Next: 69%
Magic:  0/9        EV: 10    Int: 11    God:    Trog [**....]
Gold:   66         SH:  0    Dex: 13    Spells: 0 memorised, 7 levels left

rFire  . . .     SeeInvis .     a - +0 hand axe
rCold  . . .     Clarity  .     m - +0 scale mail
rNeg   . . .     SustAt   .     (no shield)
rPois  .         Gourm    .     (no helmet)
rElec  .         Spirit   +     (no cloak)
rCorr  .         Warding  .     (no gloves)
rMut   .         Stasis   .     (no boots)
MR     ++...                    (no amulet)
Stlth  ..........               n - +4 ring of intelligence
                                d - ring of protection from magic

@: berserking (expiring), very quick, very resistant to hostile enchantments,
extremely unstealthy
A: fangs 3, regeneration 2, magic shield, antimagic bite, no device heal 3, rot
immunity
a: Berserk, Trog's Hand, Burn Spellbooks, Renounce Religion


You were on level 9 of the Dungeon.
You worshipped Trog.
Trog was pleased with you.
You were not hungry.

You visited 1 branch of the dungeon, and saw 9 of its levels.

You collected 66 gold pieces.

Inventory:

Hand Weapons
 a - a +0 hand axe (weapon)
 t - a +1 scimitar of flaming
Missiles
 l - a throwing net (quivered)
Armour
 m - a +0 scale mail (worn)
Jewellery
 d - a ring of protection from magic (left hand)
 n - a +4 ring of intelligence (right hand)
Wands
 b - a wand of polymorph (3)
 s - a wand of slowing (39)
 u - a wand of enslavement (11)
Scrolls
 e - 2 scrolls of magic mapping {unknown}
 g - a scroll of amnesia {unknown}
 h - 2 scrolls of remove curse {unknown}
 j - a scroll of teleportation {unknown}
 o - 2 scrolls of identify {unknown}
Potions
 f - a potion of haste {unknown}
 i - a potion of flight {unknown}
 k - a potion of heal wounds {unknown}
 r - a potion of curing {unknown}
Comestibles
 c - 2 bread rations
 p - a meat ration
 q - a slice of pizza


   Skills:
 + Level 5.4 Fighting
 * Level 7.4 Axes
 + Level 4.3 Armour
 - Level 1.5 Dodging


You had 7 spell levels left.
You didn't know any spells.

Dungeon Overview and Level Annotations

Branches:
Dungeon (9/15)
 Temple: D:4-7         Lair: D:8-11         Orc: D:9-12

Altars:


Innate Abilities, Weirdness & Mutations

You have razor-sharp teeth.
You heal very quickly.
When hurt, damage is shared between your health and your magic reserves.
Your bite disrupts and absorbs the magic of your enemies.
Potions and wands cannot restore your health.
You are immune to rotting.


Message History

The yak is heavily wounded.
You hit the yak.
The yak is severely wounded.
You completely miss the yak.
The yak is heavily wounded.
The yak gores you. The yak gores you!
* * * LOW HITPOINT WARNING * * *
Unknown command.
You hit the yak.
The yak is almost dead.
You hit the yak.
The yak is heavily wounded.
You closely miss the yak.
The yak is severely wounded.
You slash the yak!
The yak is severely wounded.
The yak gores you!
* * * LOW HITPOINT WARNING * * *
The yak gores you!
You die...

########### #########
#.......... .........#
#.......... .........#
#...$....<.
.........#####..........
.........#...'$.........
.........'.###.YYY......
.........### #..@Y......
.........# #..........
.........# #..........
######'### #..........
#.# ######..### #.# .##
#.## . #..# .. ##.#


You could see 4 yaks.

Vanquished Creatures
  Erica (D:8)
  2 ogres (D:5)
  A black bear (D:8)
  A crocodile (D:7)
  A scorpion (D:9)
  A crimson imp (D:8)
  An orc priest (D:5)
  2 hounds
  2 giant frog skeletons
  An orc wizard (D:5)
  A centaur skeleton (D:5)
  Ijyb (D:2)
  A worker ant zombie (D:8)
  3 adders
  3 giant geckos
  An orc (D:5)
  A ball python (D:2)
  3 hobgoblins
  11 jackals
  5 kobolds
  3 quokkas
  A bat (D:2)
  2 giant cockroaches
  A giant newt (D:3)
  2 goblins
  2 rats
54 creatures vanquished.

Notes
Turn   | Place    | Note
--------------------------------------------------------------
     0 | D:1      | 4thArraOfDagon the Vine Stalker Berserker began the quest for the Orb.
     0 | D:1      | Reached XP level 1. HP: 11/11 MP: 2/2
    13 | D:1      | Noticed an electric eel
    61 | D:1      | Reached skill level 3 in Axes
    73 | D:2      | Reached XP level 2. HP: 10/16 MP: 3/3
   148 | D:2      | Noticed Ijyb
   159 | D:2      | Killed Ijyb
   159 | D:2      | Reached XP level 3. HP: 20/20 MP: 4/4
   235 | D:3      | Reached XP level 4. HP: 24/24 MP: 5/5
   236 | D:3      | Reached skill level 4 in Axes
   257 | D:2      | Reached ** piety under Trog
   424 | D:4      | Reached XP level 5. HP: 12/28 MP: 3/6
   460 | D:5      | Entered Level 5 of the Dungeon
   498 | D:5      | Noticed an ogre
   525 | D:5      | Noticed an ogre
   533 | D:5      | HP: 2/42 [ogre/giant club (15)]
   534 | D:5      | Killed an ogre
   534 | D:5      | Gained mutation: You heal very quickly. [Vine Stalker growth]
   534 | D:5      | Reached XP level 6. HP: 2/33 MP: 1/7
   534 | D:5      | Killed an ogre
   534 | D:5      | Reached skill level 5 in Axes
   553 | D:5      | Reached XP level 7. HP: 17/37 MP: 8/8
   580 | D:5      | You fall through a shaft!
   702 | D:8      | Reached skill level 6 in Axes
   753 | D:8      | Noticed Erica
   769 | D:8      | Killed Erica
   769 | D:8      | Reached skill level 5 in Fighting
   769 | D:8      | Reached skill level 7 in Axes
   769 | D:8      | Gained mutation: You have razor-sharp teeth. [Vine Stalker growth]
   769 | D:8      | Reached XP level 8. HP: 28/43 MP: 9/9
   863 | D:9      | Slain by a yak

Action                   |  1- 3 |  4- 6 |  7- 9 || total
-------------------------+-------+-------+-------++-------
Melee: Hand axe          |    45 |    74 |    29 ||   148
Invok: Berserk           |     2 |     1 |     4 ||     7
       Trog's Hand       |       |     2 |     1 ||     3
 Stab: Sleeping          |     1 |       |       ||     1
  Eat: Chunk             |       |     1 |     6 ||     7
